 Dungeon Crawl Stone Soup version 0.27-a0-1434-g6f15984924 (webtiles) character file.

Game seed: 3971798881069120663

56 Brandom the Insei (level 3, -1/24 HPs)
             Began as an Octopode Transmuter on July 2, 2021.
             Was a Follower of Sif Muna.
             Shot with a stone by a goblin (4 damage)
             ... led by Robin
             ... on level 2 of the Dungeon.
             The game lasted 00:03:52 (1860 turns).

Brandom the Insei (Octopode Transmuter)             Turns: 1860, Time: 00:03:52

Health: -1/24      AC:  1    Str:  9    XL:     3   Next: 95%
Magic:  4/6        EV: 17    Int: 16    God:    Sif Muna [*.....]
Gold:   14         SH:  0    Dex: 12    Spells: 2/6 levels left

rFire    . . .     SeeInvis .     - Unarmed
rCold    . . .     Faith    .   (no shield)
rNeg     . . .     Spirit   .   (helmet restricted)
rPois    .         Reflect  .   (no amulet)
rElec    .         Harm     .   b - +4 ring of evasion
rCorr    .         Rampage  .   (no ring)
Will     .....                  (no ring)
Stlth    ++........             (no ring)
HPRegen  0.08/turn              (no ring)
MPRegen  0.10/turn              (no ring)
                                (no ring)
                                (no ring)

@: no status effects
A: almost no armour, amphibious, 8 rings, camouflage 1, gelatinous body 1,
(nimble swimmer 1), tentacles
a: Renounce Religion, Channel Magic


You were on level 2 of the Dungeon.
You worshipped Sif Muna.
Sif Muna was aware of your devotion.
You visited 1 branch of the dungeon, and saw 2 of its levels.

You collected 14 gold pieces.

Inventory:

Jewellery
 b - a +4 ring of evasion (left tentacle)
   (You found it on level 1 of the Dungeon)
Scrolls
 a - 3 scrolls of identify {unknown}
Potions
 c - a potion of resistance {unknown}


   Skills:
 * Level 2.1 Fighting
 + Level 2.4 Dodging
 + Level 3.3 Unarmed Combat
 + Level 2.3 Spellcasting
 + Level 2.3 Transmutations
 + Level 0.4 Poison Magic


You had 2 spell levels left.
You knew the following spells:

 Your Spells              Type           Power      Damage    Failure   Level
a - Beastly Appendage     Tmut           18%        N/A       8%          1
x - Spider Form           Tmut/Pois      3%         N/A       34%         3

Your spell library contained the following spells:

 Spells                   Type           Power      Damage    Failure   Level
 Wereblood                Tmut           9%         N/A       12%         2
 Ice Form                 Ice/Tmut       5%         N/A       77%         4


Dungeon Overview and Level Annotations

Branches:
Dungeon (2/15)

Altars:
Sif Muna

Shops:
D:2 [

Annotations:
D:2 Robin


Innate Abilities, Weirdness & Mutations

You cannot wear most types of armour.
You are amphibious.
You can wear up to eight rings at the same time.
Your skin changes colour to match your surroundings (Stealth+).
Your rubbery body absorbs attacks. (AC +1, EV +1)
((You are camouflaged near water. (Stealth+)))
You have tentacles for arms and can constrict up to eight enemies at once.


Message History

Sif Muna accepts your kill.
Robin of the Strong Arm comes into view.
They are wielding a +0 dagger.
The spell is extremely dangerous to cast (34% risk of failure)!
Continue anyway?
You miscast Spider Form.
You are very lightly contaminated with residual magic.
Nothing appears to happen.
Robin shouts!
A rat comes into view.
Robin throws the goblin at you! The goblin hits you with a dagger.
You tentacle-slap the goblin.
You kill the goblin!
Sif Muna accepts your kill. The goblin barely misses you.
Robin roars a battlecry!
The goblins go into a battle-frenzy!
A hobgoblin comes into view.
Things that are here:
a +0 dagger; a +0 hunting sling; 15 stones You barely miss the goblin.
Your grab misses the goblin. The goblin hits you with a +0 club.
You tentacle-slap the goblin.
You kill the goblin!
Sif Muna accepts your kill.
You barely miss the goblin. Your grab misses the goblin.
The goblin hits you with a +0 dagger.
* * * LOW HITPOINT WARNING * * *
You tentacle-slap the goblin but do no damage.
Your grab misses the goblin.
Your tentacle spike misses the goblin.
The goblin hits you with a +0 dagger.
* * * LOW HITPOINT WARNING * * *
Your transformation is almost over.
Your magical contamination has completely faded away.
The goblin no longer looks unusually strong. x2
The goblin closely misses you.
Your tentacle spike disappears.
You tentacle-slap the goblin. You grab the goblin. You constrict the goblin.
The goblin hits you with a +0 dagger.
* * * LOW HITPOINT WARNING * * *
You tentacle-slap the goblin. You constrict the goblin.
You kill the goblin!
Sif Muna accepts your kill.
The goblin unwields a +0 dagger.
The goblin wields a +0 hunting sling.
The goblin shoots a stone.
The stone hits you.
* * * LOW HITPOINT WARNING * * *
The goblin shoots a stone.
The stone misses you.
Robin roars a battlecry!
The goblins go into a battle-frenzy!
The goblin shoots a stone.
The stone closely misses you.
The goblin shoots a stone.
The stone hits you.
You die...

###g##### #..gr...#
#.#g###.# #.#)###.#
#.#.##..#
..######.......####
......†...........+
..########.#...####
#@##.## #.#### #.#
#.# #########+# #.#
#.........# #.#
#.######..#
#.####.######..##
#..........##...##
######.###.#.....#


You could see a hobgoblin (strong), a goblin (strong) and a rat.

Vanquished Creatures
  A gnoll (D:1)
  A dart slug (D:1)
  4 endoplasms
  2 giant cockroaches (D:1)
  11 goblins
  2 hobgoblins (D:1)
  2 jackals (D:1)
  A quokka (D:1)
  4 ball pythons
  3 bats (D:1)
  A frilled lizard (D:1)
  4 kobolds (D:1)
  3 rats (D:1)
39 creatures vanquished.

Notes
Turn   | Place    | Note
-------+----------+-------------------------------------------
     0 | D:1      | Brandom the Octopode Transmuter began the quest for the
                  | Orb.
     0 | D:1      | Reached XP level 1. HP: 13/13 MP: 3/3
    68 | D:1      | Reached XP level 2. HP: 18/18 MP: 5/5
   426 | D:1      | Reached XP level 3. HP: 16/24 MP: 6/6
   430 | D:1      | Learned a level 3 spell: Spider Form
  1319 | D:2      | Found a faded altar of an unknown god.
  1322 | D:2      | Became a worshipper of Sif Muna the Loreminder
  1322 | D:2      | Reached * piety under Sif Muna
  1800 | D:2      | Found Qulaask's Antique Armour Emporium.
  1832 | D:2      | Noticed Robin
  1860 | D:2      | Shot with a stone by a goblin

Illustrated notes

Levels and vault maps discovered:
D:1:      onia_arrival_handbag, layout_loops_corners
D:2:      layout_loops_corners, shapermc_ecumenical_altar_hornbeckon,
          serial_shops, shop, uniq_robin

Skill      XL: |  1  2  3 |
---------------+----------+-----
Fighting       | 2 |  2.1
Dodging        | |  2.4
Unarmed Combat | |  3.3
Spellcasting   | |  2.3
Transmutations | |  2.3
Poison Magic   | |  0.4

Action                   || total
-------------------------++-------
Melee: Unarmed           ||    79
       Constrict         ||    19
       Tentacles         ||    11
       Kick              ||     5
       Punch             ||     1
 Cast: Beastly Appendage ||     3
 Stab: Sleeping          ||    12
Armor: Skin              ||     8
Dodge: Dodged            ||    40

Table legend: (Time is in decaauts)
 A = Elapsed time spent in this place.
 B = Non-inter-level travel time spent in this place.
 C = Inter-level travel time spent in this place.
 D = Time resting spent in this place.
 E = Time spent auto-exploring this place.
 F = Levels seen in this place.
 G = Mean time per level.
                   A        B        C        D        E       F      G
               +--------+--------+--------+--------+--------+-----+--------+
         Total |   1856 |   1832 |     24 |     38 |   1472 |   2 |  928.0 |
       Dungeon |   1856 |   1832 |     24 |     38 |   1472 |   2 |  928.0 |
               +--------+--------+--------+--------+--------+-----+--------+

Top non-repeatable levels by time:
     D:1: 1308 daAuts
     D:2: 547 daAuts
